 Dungeon Crawl Stone Soup version 0.27-a0-1431-gcffa5a9b16 (webtiles) character file.

Game seed: 8928617355941331468

28 barkas the Vexing (level 3, -1/31 HPs)
             Began as a Naga Arcane Marksman on July 2, 2021.
             Slain by an adder (3 damage)
             ... on level 2 of the Dungeon.
             The game lasted 00:03:59 (1462 turns).

barkas the Vexing (Naga Arcane Marksman)            Turns: 1462, Time: 00:04:00

Health: -1/31      AC:  2    Str:  9 (12) XL:     3   Next: 12%
Magic:  1/4        EV:  9    Int: 13 (14) God:
Gold:   33         SH:  0    Dex: 10 (11) Spells: 1/4 levels left

rFire    . . .     SeeInvis +   a - +0 hand crossbow
rCold    . . .     Faith    .   (no shield)
rNeg     . . .     Spirit   .   d - +0 robe
rPois    +         Reflect  .   (no helmet)
rElec    .         Harm     .   (no cloak)
rCorr    .         Rampage  .   (no gloves)
Will     .....                  (no barding)
Stlth    ++........             (no amulet)
HPRegen  0.10/turn              (no ring)
MPRegen  0.09/turn              (no ring)

@: mighty, lethally poisoned (-1 -> -2), very slow
A: AC +1, large, see invisible, deformed body, poison resistance, slowness 2,
spit poison 1, naga tail 1
a: Spit Poison


You were on level 2 of the Dungeon.
You visited 1 branch of the dungeon, and saw 2 of its levels.

You collected 33 gold pieces.

Inventory:

Hand Weapons
 a - a +0 hand crossbow (weapon)
 b - a +0 dagger
Missiles
 c - 11 bolts (quivered ammo)
 j - 16 poisoned darts
Armour
 d - a +0 robe (worn)
Scrolls
 e - a scroll of blinking {unknown}
 g - 5 scrolls of identify {unknown}
 h - a scroll of fog {unknown}


   Skills:
 + Level 1.3 Fighting
 * Level 2.2 Crossbows
 - Level 1.5 Dodging
 + Level 1.7 Stealth
 + Level 1.3 Spellcasting
 + Level 3.3 Hexes


You had one spell level left.
You knew the following spells:

 Your Spells              Type           Power      Damage    Failure   Level
a - Corona                Hex            10%        N/A       7%          1
b - Slow                  Hex            9%         N/A       11%         2

Your spell library contained the following spells:

 Spells                   Type           Power      Damage    Failure   Level
 Magic Dart               Conj           0%         1d3       28%         1
 Call Imp                 Summ           0%         N/A       38%         2
 Poisonous Vapours        Pois/Air       0%         N/A       38%         2
 Inner Flame              Hex/Fire       5%         N/A       38%         3
 Portal Projectile        Hex/Tloc       10%        N/A       38%         3
 Cause Fear               Hex            4%         N/A       56%         4
 Mephitic Cloud           Conj/Pois/Air  0%         N/A       63%         3
 Leda's Liquefaction      Hex/Erth       2%         N/A       80%         4
 Freezing Cloud           Conj/Ice/Air   0%         6-21      100%        5
 Iskenderun's Battlesphe  Conj           0%         2d6       100%        5
 Iron Shot                Conj/Erth      0%         9d1       100%        6
 Spellforged Servitor     Conj/Summ      0%         N/A       100%        7


Dungeon Overview and Level Annotations

Branches:
Dungeon (2/15)

Altars:

Shops:
D:1 [


Innate Abilities, Weirdness & Mutations

Your serpentine skin is tough. (AC +1)
You have supernaturally acute eyesight. (SInv)
Armour fits poorly on your strangely shaped body.
Your system is resistant to poisons. (rPois)
You cover ground very slowly.
You can spit poison.
You have a snake-like lower body.


Message History

You shoot a bolt.
The bolt hits the adder but does no damage.
The adder is heavily wounded.
The adder closely misses you.
Fire: 13 bolts
Press: ? - help, Q - select action, (/) - cycle Shift-Dir - straight line, f - adder
Aim: an adder (heavily wounded, slow, 42% to hit)
You shoot a bolt. The bolt closely misses the adder.
The bolt barely misses the adder.
The adder bites you. The adder bites you but does no damage.
Unknown command.
The adder bites you. x2
As you open the door, it creaks loudly! The adder bites you but does no damage.
The adder bites you. The adder bites you.
* * * LOW HITPOINT WARNING * * *
There is an open door, spattered with blood here.
The adder misses you.
It was a potion of degeneration.
There was something very wrong with that liquid.
You feel weakened.
You feel dopey.
You feel clumsy. The adder barely misses you. The adder bites you.
* * * LOW HITPOINT WARNING * * *
You are poisoned.
The adder poisons you!
It was a potion of might.
You feel very mighty all of a sudden.
* * * LOW HITPOINT WARNING * * *
You feel sick.
The adder is no longer moving slowly.
The adder barely misses you.
Okay, then.
Unknown command.
Fire: 12 bolts
Press: ? - help, Q - select action, (/) - cycle Shift-Dir - straight line, f/p - adder
Aim: an adder (heavily wounded, 42% to hit)
You shoot a bolt. The bolt barely misses the adder.
The bolt closely misses the adder.
* * * LOW HITPOINT WARNING * * *
You feel sick. The adder bites you but does no damage. The adder bites you.
You die...

...#####.#####.##.#####.#
.........#####.##.#####.###
#.....†......#....##.......
#.......##.#.####....###.#.
........+............#...#.
#.......#######.#.#..#.#...
#.......## #..........##
.........######..(....#.#.#
...(...(SS@.........>.....#
.......(.######..#.#....#.#
.........# #..........<#
.......(.# #.#..........
.........# #.#.#.#..##.#
.........# ##....<....#.#
.......(.# #............#
....... #.###.###..###
####.#...##.....[


You could see 2 adders.

Vanquished Creatures
  A dart slug (D:2)
  4 bats (D:1)
  An endoplasm (D:1)
  A giant cockroach (D:1)
  3 hobgoblins
  4 jackals (D:1)
  2 quokkas (D:1)
  A ball python (D:1)
  2 frilled lizards (D:1)
  A goblin (D:1)
  2 kobolds
  2 rats
24 creatures vanquished.

Vanquished Creatures (others)
  5 toadstools (D:1)
5 creatures vanquished.

Grand Total: 29 creatures vanquished

Notes
Turn   | Place    | Note
-------+----------+-------------------------------------------
     0 | D:1      | barkas the Naga Arcane Marksman began the quest for the
                  | Orb.
     0 | D:1      | Reached XP level 1. HP: 18/18 MP: 2/2
   117 | D:1      | Reached XP level 2. HP: 25/25 MP: 3/3
   406 | D:1      | Reached skill level 1 in Stealth
   576 | D:1      | Found Kyno's Armour Emporium.
   582 | D:1      | Learned a level 2 spell: Slow
  1039 | D:2      | Reached XP level 3. HP: 19/31 MP: 1/4
  1462 | D:2      | Slain by an adder

Illustrated notes

Levels and vault maps discovered:
D:1:      ldierk_walled_garden, layout_basic, serial_shops,
          nicolae_shop_behind_doors, kennysheep_nondescript
D:2:      layout_basic

Skill      XL: |  1  2 |
---------------+-------+-----
Crossbows      | 2 |  2.2
Stealth        | 1 |  1.7
Fighting       | |  1.3
Dodging        | |  1.5
Spellcasting   | |  1.3
Hexes          | |  3.3

Action                   || total
-------------------------++-------
Melee: Unarmed           ||     3
       Dagger            ||    27
 Fire: Hand crossbow     ||    14
 Cast: Corona            ||    10
       Slow              ||     3
 Abil: Spit Poison       ||    19
  Use: Potion            ||     2
Armor: Robe              ||    10
Dodge: Dodged            ||    22

Table legend: (Time is in decaauts)
 A = Elapsed time spent in this place.
 B = Non-inter-level travel time spent in this place.
 C = Inter-level travel time spent in this place.
 D = Time resting spent in this place.
 E = Time spent auto-exploring this place.
 F = Levels seen in this place.
 G = Mean time per level.
                   A        B        C        D        E       F      G
               +--------+--------+--------+--------+--------+-----+--------+
         Total |   1787 |   1696 |     91 |    219 |   1277 |   2 |  893.5 |
       Dungeon |   1787 |   1696 |     91 |    219 |   1277 |   2 |  893.5 |
               +--------+--------+--------+--------+--------+-----+--------+

Top non-repeatable levels by time:
     D:1: 1401 daAuts
     D:2: 386 daAuts
